 Dungeon Crawl Stone Soup version 0.20-a0-930-gbddf555 (webtiles) character file.

28 tarabluh the Sneak (level 3, 0/16 HPs)
             Began as a Vine Stalker Enchanter on Mar 30, 2017.
             Slain by an adder (2 damage)
             ... on level 2 of the Dungeon.
             The game lasted 00:02:27 (1337 turns).

tarabluh the Sneak (Vine Stalker Enchanter)         Turns: 1337, Time: 00:02:28

Health: 0/16       AC:  2    Str: 10    XL:     3   Next: 12%
Magic:  0/7        EV: 12    Int: 16    God:
Gold:   72         SH:  0    Dex: 14    Spells: 5/6 levels left

rFire    . . .     SeeInvis .   a - +1 dagger
rCold    . . .     Gourm    .   (no shield)
rNeg     . . .     Faith    .   b - +0 robe
rPois    .         Spirit   +   (no helmet)
rElec    .         Reflect  .   (no cloak)
rCorr    .         Harm     .   (no gloves)
MR       .....                  (no boots)
Stlth    ++........             (no amulet)
Regen    0.1/turn               (no ring)
MPRegen  0.1/turn               (no ring)

@: lethally poisoned (0 -> -23)
A: fangs 2, magic shield, antimagic bite, no potion heal 3, rot immunity
a: no special abilities


You were on level 2 of the Dungeon.
You were not hungry.

You visited 1 branch of the dungeon, and saw 2 of its levels.

You collected 72 gold pieces.

Inventory:

Hand Weapons
 a - a +1 dagger (weapon)
Missiles
 e - 31 poisoned needles
Armour
 b - a +0 robe (worn)
Jewellery
 k - a +2 amulet of reflection {unknown}
Scrolls
 h - 2 scrolls of identify {unknown}
Potions
 g - a potion of brilliance {unknown}
 i - a potion of mutation {unknown}
 m - a potion of flight {unknown}
Books
 c - a book of Maledictions

   Spells                             Type                      Level
   a - Corona                         Hexes                        1
   b - Ensorcelled Hibernation        Hexes/Ice                    2
   c - Confuse                        Hexes                        3
   d - Tukima's Dance                 Hexes                        3
   e - Dazzling Spray                 Conjuration/Hexes            3
Comestibles
 d - 2 bread rations
 f - 4 fruits
 j - a royal jelly
 l - 3 chunks of flesh


   Skills:
 * Level 2.5 Short Blades
 - Level 1.5 Dodging
 - Level 3.7 Stealth
 - Level 2.1 Spellcasting
 - Level 3.0 Hexes


You had 5 spell levels left.
You knew the following spells:

 Your Spells              Type           Power        Failure   Level  Hunger
a - Corona                Hex            ##.....      8%          1    #......


Dungeon Overview and Level Annotations

Branches:
Dungeon (2/15)

Altars:


Innate Abilities, Weirdness & Mutations

You have extremely sharp teeth.
When hurt, damage is shared between your health and your magic reserves.
Your bite disrupts and absorbs the magic of your enemies.
Potions cannot restore your health.
You are immune to rotting.


Message History

Casting: Corona
Confirm with . or Enter, or press ? or * to list all spells.
Aiming: Corona
Press: ? - help, Shift-Dir - straight line, f/p - adder
Aim: an adder (severely wounded, softly glowing, chance to defeat MR: 55%)
The adder glows brighter.
You feel sick. The adder bites you but does no damage.
Unknown command.
You hit the adder but do no damage. Your bite misses the adder.
The adder is severely wounded.
You feel sick. The adder bites you.
* * * LOW HITPOINT WARNING * * *
You are more poisoned.
The adder poisons you!
Unknown command.
You hit the adder.
The adder is almost dead.
* * * LOW HITPOINT WARNING * * *
You feel sick. The adder bites you.
You die...

##################
#.................
#@################
#S# #K# #.# #.#
... #.# # ...
######## ........


You could see an adder and a kobold.

Vanquished Creatures
  A dart slug (D:1)
  A leopard gecko (D:1)
  A giant cockroach (D:1)
  4 goblins (D:1)
  2 hobgoblins
  4 jackals (D:1)
  A kobold (D:1)
  4 bats
  A frilled lizard (D:1)
  4 rats (D:1)
23 creatures vanquished.

Notes
Turn   | Place    | Note
-------+----------+-------------------------------------------
     0 | D:1      | tarabluh the Vine Stalker Enchanter began the quest for the Orb.
     0 | D:1      | Reached XP level 1. HP: 9/9 MP: 4/4
    18 | D:1      | Reached skill level 1 in Short Blades
   295 | D:1      | Reached XP level 2. HP: 13/13 MP: 4/6
   859 | D:1      | Reached XP level 3. HP: 9/16 MP: 4/7
  1337 | D:2      | Slain by an adder

Vault maps used:
D:1:      mrwooster_arrival_statue, hangedman_abyss_or_decor_lesser_grid
D:2:      uniq_natasha

Skill      XL: |  1  2 |
---------------+-------+-----
Short Blades   | 1 2 |  2.5
Dodging        | |  1.5
Stealth        | |  3.7
Spellcasting   | |  2.1
Hexes          | |  3.0

Action                   || total
-------------------------++-------
Melee: Dagger            ||    88
       Bite              ||    13
 Cast: Corona            ||    13
 Stab: Sleeping          ||     1
  Eat: Chunk             ||     2
Armor: Robe              ||    25
Dodge: Dodged            ||    56
